 Dungeon Crawl Stone Soup version 0.30-a0-1094-g860fb061e7 (webtiles) character file.

Game seed: 14392169649205133526

169 avis the Ruffian (level 5, 0/41 HPs)
             Began as a Demigod Transmuter on Apr 18, 2023.
             Slain by a gnoll sergeant
             ... wielding a +2 spear of venom
              (12 damage)
             ... on level 3 of the Dungeon.
             The game lasted 00:24:46 (3082 turns).

avis the Ruffian (Demigod Transmuter)               Turns: 3082, Time: 00:24:46

Health: 0/41       AC:  2    Str: 15    XL:     5   Next: 4%
Magic:  11/12      EV: 12    Int: 15    God:
Gold:   261        SH:  0    Dex: 14    Spells: 4/10 levels left

rFire   . . .      SeeInvis .    a - +5 woodcutter's axe
rCold   . . .      Faith    .    (shield currently unavailable)
rNeg    . . .      Spirit   .    u - +0 robe
rPois   .          Reflect  .    (helmet currently unavailable)
rElec   .          Rampage  .    w - scarf {repulsion}
rCorr   .                        (no gloves)
Will    .....                    (boots currently unavailable)
Stlth   ++                       (no amulet)
HPRegen 0.26/turn                r - ring of flight
MPRegen 0.13/turn                (no ring)

@: lethally poisoned (0 -> -8), appendages (expiring), flying, repel missiles
A: horns 2, talons 2, high MP 1, forlorn, divine attributes
a: End Transformation


You were on level 3 of the Dungeon.
You had temporarily grown beastly horns and talons.
You visited 1 branch of the dungeon, and saw 3 of its levels.

You collected 261 gold pieces.

Inventory:

Hand Weapons
 a - the +5 woodcutter's axe (weapon)
   (You took it off a gnoll on level 3 of the Dungeon)
Missiles
 f - 33 stones
Armour
 u - a +0 robe (worn)
 v - an orb of light
 w - a scarf of repulsion (worn)
 y - a +0 cloak
Jewellery
 e - a ring of ice
 r - a ring of flight (left hand)
Wands
 z - a wand of paralysis (8)
Scrolls
 g - a scroll of magic mapping
 i - a scroll of enchant armour {unknown}
 k - 2 scrolls of teleportation {unknown}
 m - 3 scrolls of immolation {unknown}
 n - 2 scrolls of blinking {unknown}
 q - a scroll of silence {unknown}
 s - a scroll of torment {unknown}
 t - a scroll of butterflies {unknown}
Potions
 b - 3 potions of lignification
 c - 2 potions of brilliance
 d - a potion of haste {unknown}
 h - 2 potions of curing
 j - a potion of attraction
 l - 2 potions of heal wounds
 o - a potion of mutation
 p - 2 potions of invisibility
 x - 2 potions of might {unknown}


   Skills:
 * Level 2.0 Fighting
 - Level 2.0 Dodging
 - Level 1.0 Stealth
 - Level 3.0 Unarmed Combat
 - Level 3.0 Spellcasting
 - Level 3.0 Transmutations
 - Level 1.0 Poison Magic


You had 4 spell levels left.
You knew the following spells:

 Your Spells              Type           Power      Damage    Failure   Level
a - Beastly Appendage     Tmut           22%        N/A       6%          1
e - Wereblood             Tmut           11%        N/A       9%          2
p - Spider Form           Tmut/Pois      8%         N/A       26%         3

Your spell library contained the following spells:

 Spells                   Type           Power      Damage    Failure   Level
 Portal Projectile        Hex/Tloc       4%         N/A       52%         3
 Tukima's Dance           Hex            2%         N/A       52%         3
 Ice Form                 Ice/Tmut       6%         N/A       71%         4
 Blade Hands              Tmut           5%         N/A       85%         5


Dungeon Overview and Level Annotations

Branches:
Dungeon (3/15)

Shops:
D:3 :

Annotations:
D:3 Terence


Innate Abilities, Weirdness & Mutations

You have temporarily grown beastly horns and talons.
You have an increased reservoir of magic. (+10% MP)
You shall have no god before yourself.
Your divine heritage dramatically boosts your attributes as you level up.


Message History

You are surrounded by a repulsion field.
You see here a +0 plate armour.
There is an escape hatch in the ceiling here.
The gnoll sergeant closely misses you. A mysterious force pulls you upwards.
The hatch slams shut behind you.
There is a stone staircase leading down here.
You start resting.
HP restored.
You fly downwards.
Level annotation: Terence
There is a stone staircase leading up here.
Things that are here:
a +0 whip; a +0 whip
Casting: Spider Form (quite dangerous; 26% risk of failure)
Confirm with . or Enter, or press ? or * to list all spells.
You grow a pair of large bovine horns.
Your feet morph into talons.
The gnoll sergeant shouts!
The gnoll sergeant hits you with a +2 spear of venom!
You are poisoned.
You closely miss the gnoll sergeant. Your kick misses the gnoll sergeant.
Your headbutt misses the gnoll sergeant.
You feel very sick.
The gnoll sergeant hits you with a +2 spear of venom!
You are more poisoned.
You slash the gnoll sergeant!
You claw the gnoll sergeant, but do no damage.
The gnoll sergeant is heavily wounded.
Your transformation is almost over.
You feel very sick. The gnoll sergeant barely misses you.
You barely miss the gnoll sergeant.
You headbutt the gnoll sergeant, but do no damage.
The gnoll sergeant is heavily wounded.
You feel very sick. The gnoll sergeant misses you.
You barely miss the gnoll sergeant. You claw the gnoll sergeant.
The gnoll sergeant is severely wounded.
You feel very sick.
The gnoll sergeant hits you with a +2 spear of venom!
You die...

.⌠.#### #.........# #.#.##
...##########...#####.# #....g
####..........#.# #.########@##
#.###########...# #......[...##
....# ###.# #.........@[# ....#
#.# #..########.# 8...#
#.#####..# #.#
<8..###########.#......# #.#
8......)........@g.....########.#
....###########.#................
....# ###.>........####.#
############### #......##### #.#
..........†...#####.##.########.#
###########.........##..........#
#...################### #####


You could see a gnoll sergeant.

Vanquished Creatures
  Jessica (D:3)
  3 gnolls (D:3)
  3 adders
  3 worms (D:2)
  A dart slug (D:2)
  2 orcs (D:3)
  4 ball pythons
  8 endoplasms
  3 giant cockroaches
  3 goblins
  8 hobgoblins
  6 jackals (D:1)
  5 quokkas
  5 bats
  6 frilled lizards
  6 kobolds
  6 rats
73 creatures vanquished.

Notes
Turn   | Place    | Note
-------+----------+-------------------------------------------
     0 | D:1      | avis the Demigod Transmuter began the quest for the Orb.
     0 | D:1      | Reached XP level 1. HP: 15/15 MP: 5/5
    25 | D:1      | Reached skill level 1 in Fighting
   119 | D:1      | Reached XP level 2. HP: 8/23 MP: 4/7
   381 | D:1      | Reached skill level 1 in Stealth
   943 | D:1      | Learned a level 2 spell: Wereblood
  1023 | D:2      | Reached XP level 3. HP: 29/29 MP: 8/8
  1029 | D:2      | Learned a level 3 spell: Spider Form
  1413 | D:2      | Reached skill level 1 in Poison Magic
  1812 | D:3      | Reached XP level 4. HP: 35/36 MP: 5/9
  2323 | D:3      | Noticed Jessica
  2328 | D:3      | Killed Jessica
  2469 | D:3      | Found Niepu's Book Emporium.
  2559 | D:3      | Reached XP level 5. HP: 32/41 MP: 12/12
  2880 | D:3      | Noticed Terence
  3082 | D:3      | Slain by a gnoll sergeant

Illustrated notes

Levels and vault maps discovered:
D:1:      wheals_arrival_shading, layout_loops_ring
D:2:      layout_rooms, basic_altar
D:3:      layout_loops_ring, serial_shops, shop,
          dreamdust_ecumenical_altar_angels_and_demons, st_stairs_14,
          grunt_ministairs_3, minmay_crystal_water, dreamdust_wishing_well,
          pf_guarded_unrand_woodcutter, uniq_terence, uniq_jessica

Skill      XL: |  1  2  3  4  5 |
---------------+----------------+-----
Fighting       | 1 2 |  2.0
Unarmed Combat | 3 |  3.0
Dodging        | 2 |  2.0
Spellcasting   | 2 3 |  3.0
Transmutations | 2 3 |  3.0
Stealth        | 1 |  1.0
Poison Magic   | 1 |  1.0

Action                     |  1- 3 |  4- 6 || total
---------------------------+-------+-------++-------
  Melee: Unarmed           |   142 |    18 ||   160
         Kick              |    32 |     9 ||    41
         Headbutt          |    22 |     4 ||    26
         Punch             |     1 |       ||     1
         Battleaxe         |       |    34 ||    34
   Cast: Beastly Appendage |    34 |    15 ||    49
         Spider Form       |     2 |     3 ||     5
    Use: Scroll            |     6 |     1 ||     7
   Stab: Sleeping          |     6 |     3 ||     9
 Armour: Robe              |    19 |     2 ||    21
         Skin              |     1 |     1 ||     2
  Dodge: Dodged            |    71 |    39 ||   110

Table legend: (Time is in decaauts)
 A = Elapsed time spent in this place.
 B = Non-inter-level travel time spent in this place.
 C = Inter-level travel time spent in this place.
 D = Time resting spent in this place.
 E = Time spent auto-exploring this place.
 F = Levels seen in this place.
 G = Mean time per level.
                   A        B        C        D        E       F      G
               +--------+--------+--------+--------+--------+-----+--------+
         Total |   3076 |   2865 |    211 |    746 |   1241 |   3 | 1025.3 |
       Dungeon |   3076 |   2865 |    211 |    746 |   1241 |   3 | 1025.3 |
               +--------+--------+--------+--------+--------+-----+--------+

Top non-repeatable levels by time:
     D:3: 1079 daAuts
     D:1: 1043 daAuts
     D:2: 953 daAuts
